 Dungeon Crawl Stone Soup version 0.30-a0-585-g93115170b9 (webtiles) character file.

Game seed: 5381573076643047834

8770 gelatine the Arsonist (level 11, 0/77 HPs)
             Began as a Demonspawn Fire Elementalist on Jan 1, 2023.
             Slain by an elephant (11 damage)
             ... on level 1 of the Lair of Beasts on Jan 2, 2023.
             The game lasted 00:35:27 (10373 turns).

gelatine the Arsonist (DsFE)                       Turns: 10373, Time: 00:35:28

Health: 0/77       AC: 13    Str:  9    XL:     11   Next: 14%
Magic:  1/31       EV: 16    Int: 20    God:
Gold:   390        SH:  4    Dex: 14    Spells: 12/25 levels left

rFire   . . .      SeeInvis .    B - +0 dagger (chaos)
rCold   . . .      Faith    .    (no shield)
rNeg    + . .      Spirit   .    u - +2 acid dragon scales
rPois   .          Reflect  .    f - +0 helmet
rElec   +          Harm     .    (no cloak)
rCorr   +          Rampage  .    m - +2 pair of gloves {hurl}
Will    +....                    (no boots)
Stlth   ++++                     (no amulet)
HPRegen 0.32/turn                k - ring of magical power
MPRegen 0.22/turn                v - ring "Xyffum" {*Slow rElec rN+ Will+ Stlth+}

@: very slightly contaminated
A: repulsion field 2, condensation shield, demonic magic 1, weakness stinger 2,
claws 1
a: no special abilities


You were on level 1 of the Lair of Beasts.
You visited 3 branches of the dungeon, and saw 11 of its levels.

You collected 390 gold pieces.

Inventory:

Hand Weapons
 i - a +1 dagger of speed
 q - a +1 dagger of protection
 B - a +0 dagger of chaos (weapon)
 G - the +5 hand axe of Kahinaf {freeze, Str+6 Int+4}
   (You found it on level 7 of the Dungeon)

   It freezes those it strikes, dealing additional cold damage.
   It can also slow down cold-blooded creatures.
   Str:       It affects your strength (+6).
   Int:       It affects your intelligence (+4).
Missiles
 h - 21 poisoned darts
 C - a throwing net
 F - 2 curare-tipped darts
Armour
 f - a +0 helmet (worn)
 m - a +2 pair of gloves of hurling (worn)
 u - +2 acid dragon scales (worn)
 x - a +1 robe of cold resistance
 H - a +2 robe of fire resistance
Magical Staves
 l - a staff of conjuration
Jewellery
 a - a ring of willpower
 e - a ring of ice
 k - a ring of magical power (left hand)
 v - the ring "Xyffum" (right hand) {*Slow rElec rN+ Will+ Stlth+}
   (You found it on level 4 of the Dungeon)

   [ring of willpower]

   rElec:     It insulates you from electricity.
   rN:        It protects you from negative energy.
   *Slow:     It may slow you when you take damage.
   Will:      It increases your willpower.
   Stlth:     It makes you more stealthy.
Wands
 c - a wand of mindburst (14)
 o - a wand of paralysis (4)
 t - a wand of acid (4)
 w - a wand of flame (20)
 I - a wand of digging (4)
Scrolls
 d - 5 scrolls of teleportation
 p - 2 scrolls of butterflies {unknown}
 s - 2 scrolls of brand weapon
 y - a scroll of enchant weapon
 A - 3 scrolls of poison
 E - a scroll of blinking
 J - a scroll of silence {unknown}
Potions
 b - a potion of magic
 g - a potion of curing
 j - a potion of berserk rage {unknown}
 n - 2 potions of brilliance
 r - 3 potions of flight
 z - a potion of cancellation
 D - 2 potions of might


   Skills:
 * Level 4.2 Fighting
 + Level 2.7 Short Blades
 + Level 1.6 Axes
 * Level 3.2 Armour
 * Level 5.1 Dodging
 + Level 5.0 Stealth
 * Level 3.2 Shields
 + Level 7.7 Spellcasting
 + Level 6.1 Conjurations
 * Level 3.2 Translocations
 + Level 8.1 Fire Magic


You had 12 spell levels left.
You knew the following spells:

 Your Spells              Type           Power      Damage    Failure   Level
a - Foxfire               Conj/Fire      100%       2x1d9     1%          1
b - Scorch                Fire           80%        2d9       1%          2
c - Momentum Strike       Conj/Tloc      52%        3d9       3%          2
d - Flame Wave            Conj/Fire      36%        2d10      8%          4
e - Manifold Assault      Tloc           20%        N/A       36%         4

Your spell library contained the following spells:

 Spells                   Type           Power      Damage    Failure   Level
 Apportation              Tloc           40%        N/A       3%          1
 Blink                    Tloc           40%        N/A       5%          2
 Inner Flame              Hex/Fire       23%        N/A       9%          3
 Kindle Blastsparks       Fire/Tloc/Air  44%        2d13      9%          3
 Gell's Gravitas          Tloc           20%        N/A       11%         3
 Lesser Beckoning         Tloc           40%        N/A       11%         3
 Teleport Other           Tloc           20%        N/A       11%         3
 Dazzling Flash           Conj/Hex       38%        N/A       12%         3
 Sandblast                Erth           14%        2d6       14%         1
 Ignite Poison            Fire/Tmut/Pois 18%        N/A       14%         3
 Iskenderun's Mystic Bla  Conj/Tloc      26%        2d7       21%         4
 Vhi's Electric Charge    Tloc/Air       28%        N/A       22%         3
 Fulminant Prism          Conj/Hex       9%         3d7       38%         4
 Arcjolt                  Conj/Air       9%         1d19      75%         5
 Agony                    Necr           7%         N/A       98%         5
 Alistair's Intoxication  Tmut/Pois      4%         N/A       98%         5
 Lee's Rapid Deconstruct  Erth           3%         3d5*      98%         5
 Silence                  Hex/Air        3%         N/A       98%         5
 Dispersal                Tloc           10%        N/A       99%         6
 Eringya's Noxious Bog    Tmut/Pois      3%         N/A       100%        6
 Disjunction              Tloc           10%        N/A       100%        8
 Maxwell's Capacitive Co  Air            3%         ∞         100%        8
 Shatter                  Erth           3%         3d7*      100%        9


Dungeon Overview and Level Annotations

Branches:
Dungeon (9/15)             Temple (1/1) D:7            Lair (1/5) D:9
    Orc: D:9-12

Altars:
Ashenzari
Cheibriados
Fedhas
Gozag
Hepliaklqana
Kikubaaqudgha
Makhleb
Nemelex Xobeh
Okawaru
Qazlal
Ru
Sif Muna
Trog
Uskayaw
Vehumet
Wu Jian
Xom
Yredelemnul

Shops:
D:4 =

Annotations:
D:8 exclusion: statue
D:9 exclusion: orange crystal statue


Innate Abilities, Weirdness & Mutations

You are surrounded by a moderate repulsion field. (EV +3)
A meltable shield of frost defends you. (SH +4)
Spells you cast may paralyse adjacent enemies.
You have a tail ending in a sharp stinger.
You have sharp fingernails.


Message History

The elephant trunk-slaps you but does no damage.
Casting: Flame Wave (dangerous; 8% risk of failure)
Confirm with . or Enter, or press ? or * to list all spells.
Casting: Flame Wave (dangerous; 8% risk of failure)
Press: ? - help, Dir - look around, f - activate You miscast Flame Wave.
You are very lightly contaminated with residual magic.
Nothing appears to happen.
The yak is no longer paralysed.
The elephant barely misses you. x2; The elephant misses you. x2
The elephant tramples you but does no damage.
The elephant trunk-slaps you but does no damage.
The elephant completely misses you. The elephant closely misses you.
Casting: Flame Wave (dangerous; 8% risk of failure)
Confirm with . or Enter, or press ? or * to list all spells.
You don't have enough magic to cast this spell.
You hit the elephant but do no damage.
The elephant is almost dead.
You hit the yak but do no damage.
The yak is almost dead.
The yak gores you. You block the elephant's attack.
The elephant trunk-slaps you but does no damage.
The elephant completely misses you. You block the elephant's attack.
You hit the elephant but do no damage.
The elephant is devoured by a tear in reality.
The yak completely misses you. The elephant completely misses you.
The elephant closely misses you.
Your Stealth skill increases to level 5!
You barely miss the yak.
The yak is almost dead.
A yak comes into view.
The yak gores you. The elephant tramples you!
* * * LOW HITPOINT WARNING * * *
You hold your ground!
The elephant trunk-slaps you but does no damage.
You hit the elephant.
The elephant is almost dead.
The yak barely misses you.
A yak comes into view. x2
The elephant tramples you!
You die...

..##.....
..........
.........#
.........##
..........
......§§§#
......>§.#
....?..Y@#
......YY##
......$Y#
#........
#.#....Y..
#$....†.#.#
/.##.......
. ###....#.
#... ...


You could see an elephant and 4 yaks.

Vanquished Creatures
  Erica (D:9)
  A two-headed ogre (D:8)
  Pikel (D:6)
  An elephant (Lair:1)
  Psyche (D:8)
  Maggie (D:6)
  2 kobold demonologists
  Sigmund (D:5)
  A wyvern (Lair:1)
  7 yaks (D:9)
  A steam dragon (D:8)
  Menkaure (D:7)
  2 water moccasins
  4 black bears
  An ice beast (D:5)
  2 orc warriors (D:9)
  A sky beast (D:6)
  2 centaurs
  A lemure (D:6)
  2 kobold brigands
  9 bullfrogs
  3 scorpions
  16 wights
  6 killer bees (D:6)
  7 howler monkeys
  2 hounds (D:6)
  2 jellies
  Terence (D:3)
  3 iguanas
  2 gnoll boudas (D:7)
  3 orc wizards
  9 gnolls (D:7)
  8 adders
  A shadow imp (D:4)
  2 white imps (D:6)
  An ufetubus (D:6)
  3 worms
  5 dart slugs
  14 orcs
  7 ball pythons
  5 bats
  13 endoplasms
  2 giant cockroaches
  10 goblins
  6 hobgoblins
  5 jackals (D:5)
  5 quokkas
  3 frilled lizards
  A goblin skeleton (D:6)
  A goblin zombie (D:6)
  A hobgoblin zombie (D:6)
  15 kobolds
  A kobold skeleton (D:6)
  2 kobold zombies (D:6)
  An orc skeleton (D:6)
  5 rats
214 creatures vanquished.

Vanquished Creatures (collateral kills)
  12 foxfires (D:9)
12 creatures vanquished.

Vanquished Creatures (others)
  854 foxfires
  A fungus (D:9)
  3 plants (D:9)
858 creatures vanquished.

Grand Total: 1084 creatures vanquished

Notes
Turn   | Place    | Note
-------+----------+-------------------------------------------
     0 | D:1      | gelatine the Demonspawn Fire Elementalist began the quest
                  | for the Orb.
     0 | D:1      | Reached XP level 1. HP: 13/13 MP: 3/3
   126 | D:1      | Reached skill level 3 in Fire Magic
   297 | D:1      | Gained mutation: A meltable shield of frost defends you.
                  | (SH +4) [demonic ancestry]
   297 | D:1      | Reached XP level 2. HP: 19/19 MP: 1/5
   806 | D:1      | Reached XP level 3. HP: 14/24 MP: 1/6
  1442 | D:1      | Learned a level 2 spell: Scorch
  2518 | D:3      | Gained mutation: You have a small tail. [demonic ancestry]
  2518 | D:3      | Reached XP level 4. HP: 30/30 MP: 7/7
  2675 | D:3      | Noticed a scorpion
  2710 | D:3      | Killed a scorpion
  2805 | D:3      | Reached skill level 4 in Fire Magic
  2805 | D:3      | Reached XP level 5. HP: 35/35 MP: 9/9
  2928 | D:3      | Found a faded altar of an unknown god.
  2971 | D:3      | Noticed Terence
  2981 | D:3      | Killed Terence
  3646 | D:4      | Noticed a black bear
  3653 | D:4      | Killed a black bear
  3654 | D:4      | Gained mutation: Spells you cast may paralyse adjacent
                  | enemies. [demonic ancestry]
  3654 | D:4      | Reached XP level 6. HP: 29/41 MP: 10/10
  4091 | D:4      | Identified the ring "Xyffum" {*Slow rElec rN+ Will+ Stlth+}
  4163 | D:4      | Reached skill level 5 in Fire Magic
  4169 | D:4      | Reached XP level 7. HP: 45/47 MP: 6/12
  4437 | D:4      | Found an ancient bone altar of Kikubaaqudgha.
  4459 | D:4      | Found Qicazygg's Jewellery Shop.
  4498 | D:5      | Entered Level 5 of the Dungeon
  4681 | D:5      | You fall into a shaft and drop 3 floors!
  4692 | D:8      | Noticed a steam dragon
  4717 | D:8      | Noticed a kobold demonologist
  4941 | D:6      | Found a burning altar of Makhleb.
  4949 | D:6      | Gained mutation: You have sharp fingernails. [potion of
                  | mutation]
  5072 | D:6      | Gained mutation: You are surrounded by a mild repulsion
                  | field. (EV +2) [demonic ancestry]
  5072 | D:6      | Reached XP level 8. HP: 53/53 MP: 10/14
  5198 | D:6      | Reached skill level 1 in Short Blades
  5386 | D:6      | Found an ornate altar of the Wu Jian Council.
  5462 | D:6      | Reached skill level 5 in Spellcasting
  5687 | D:6      | Reached skill level 1 in Fighting
  6125 | D:5      | Noticed Sigmund
  6128 | D:5      | Killed Sigmund
  6129 | D:5      | Reached skill level 6 in Fire Magic
  6157 | D:5      | Found a shimmering blue altar of Sif Muna.
  6418 | D:6      | Found a hide-covered altar of Uskayaw.
  6477 | D:6      | Noticed Pikel
  6489 | D:6      | Killed Pikel
  6490 | D:6      | Gained mutation: You have a tail ending in a sharp stinger.
                  | [demonic ancestry]
  6490 | D:6      | Reached XP level 9. HP: 48/59 MP: 17/18
  6560 | D:6      | Found a hazy altar of Hepliaklqana.
  6621 | D:6      | Reached skill level 5 in Conjurations
  6703 | D:6      | Noticed Maggie
  6712 | D:6      | Killed Maggie
  6730 | D:6      | Learned a level 2 spell: Momentum Strike
  6770 | D:6      | Reached skill level 7 in Fire Magic
  7075 | D:7      | Reached skill level 1 in Armour
  7234 | D:7      | Reached skill level 1 in Translocations
  7237 | D:7      | Noticed Menkaure
  7242 | D:7      | Killed Menkaure
  7318 | D:7      | Reached skill level 1 in Shields
  7748 | D:7      | Found a staircase to the Ecumenical Temple.
  7756 | Temple   | Entered the Ecumenical Temple
  8016 | D:7      | Identified the +5 hand axe of Kahinaf {freeze, Str+6 Int+4}
  8271 | D:8      | Noticed a two-headed ogre
  8280 | D:8      | Killed a two-headed ogre
  8281 | D:8      | Gained mutation: You are surrounded by a moderate repulsion
                  | field. (EV +3) [demonic ancestry]
  8281 | D:8      | Reached XP level 10. HP: 68/68 MP: 20/20
  8625 | D:8      | Noticed Psyche
  8637 | D:8      | Killed Psyche
  8705 | D:8      | Got the Almanac of the Sage
  8711 | D:8      | Learned a level 4 spell: Flame Wave
  8742 | D:8      | Learned a level 4 spell: Manifold Assault
  8930 | D:8      | Found a radiant altar of Vehumet.
  9308 | D:9      | Reached skill level 1 in Axes
  9563 | D:9      | Noticed Erica
  9575 | D:9      | Killed Erica
  9576 | D:9      | Reached skill level 8 in Fire Magic
  9711 | D:9      | Noticed an orange crystal statue
  9929 | D:9      | Noticed an orange demon
  9936 | D:9      | Reached XP level 11. HP: 76/76 MP: 22/22
 10093 | D:9      | Found a staircase to the Lair.
 10109 | D:9      | Reached skill level 5 in Dodging
 10267 | D:9      | Found a snail-covered altar of Cheibriados.
 10337 | Lair:1   | Entered Level 1 of the Lair of Beasts
 10372 | Lair:1   | Reached skill level 5 in Stealth
 10373 | Lair:1   | Slain by an elephant

Illustrated notes

Levels and vault maps discovered:
D:1:      sevenhm_arrival_forest_fort_large_2, layout_loops_ring
D:2:      layout_loops_ring
D:3:      layout_rooms, shapermc_ecumenical_altar_petra, grunt_ministairs_14,
          minmay_misc_feat_tiny, st_stairs_10, uniq_terence
D:4:      layout_loops_ring, general_overflow_altar, serial_shops,
          kennysheep_little_box
D:5:      layout_basic, mainiacjoe_overflow_24_doors, uniq_sigmund
D:6:      layout_loops_corners, old_standard_altar,
          mainiacjoe_overflow_brackets, kennysheep_mini,
          nicolae_tso_besieged_by_evil, mainiacjoe_overflow_alcove_1,
          uniq_maggie, uniq_pikel
D:7:      layout_loops_cross, minmay_temple_entry_statues_fountains,
          enter_bailey_5, uniq_menkaure
D:8:      layout_gridville, vehumet_statue, nicolae_ossuary_entry_monument,
          uniq_psyche
D:9:      minmay_statue_hallways, layout_irregular_city, cheibriados_altar_1,
          grunt_lair_entry_orc_guard_hut, minmay_misc_feat_iff,
          corexii_hall_statues_u, uniq_erica
Temple:   hc_temple_tempest_star
Lair:1:   gammafunk_indiana_jones, layout_cave_shapes,
          portal_ice_cave_entry_pillars_2, disabler_island

Skill      XL: |  1  2  3  4  5  6  7  8  9 10 11 |
---------------+----------------------------------+-----
Fire Magic     | 3 4 5 6 7 8 |  8.1
Dodging        | 2 3 4 5 |  5.1
Stealth        | 2 3 4 5 |  5.0
Conjurations   | 2 3 4 5 6 |  6.1
Spellcasting   | 3 4 6 7 |  7.7
Short Blades   | 1 2 |  2.7
Fighting       | 1 2 3 4 |  4.2
Armour         | 2 3 |  3.2
Translocations | 2 3 |  3.2
Shields        | 1 3 |  3.2
Axes           | 1 |  1.6

Action                   |  1- 3 |  4- 6 |  7- 9 | 10-12 || total
-------------------------+-------+-------+-------+-------++-------
Melee: Unarmed           |    12 |       |       |       ||    12
       Dagger            |     9 |    25 |    77 |     5 ||   116
       Tailslap          |       |     2 |    15 |     6 ||    23
       Punch             |       |       |     4 |       ||     4
       Hand axe          |       |       |       |    28 ||    28
 Cast: Foxfire           |    99 |   102 |   189 |   122 ||   512
       Scorch            |       |     5 |    38 |    11 ||    54
       Momentum Strike   |       |       |     1 |       ||     1
       Flame Wave        |       |       |       |     8 ||     8
  Use: Potion            |       |     1 |     1 |       ||     2
       Scroll            |       |       |    18 |     2 ||    20
 Stab: Sleeping          |     1 |       |       |       ||     1
       Paralysed         |       |     5 |    24 |     7 ||    36
Armor: Robe              |     3 |     2 |    12 |       ||    17
       Acid dragon scale |       |       |    10 |    21 ||    31
Dodge: Dodged            |    15 |    14 |    73 |    52 ||   154
Block: Other             |     3 |     5 |    18 |    17 ||    43

Table legend: (Time is in decaauts)
 A = Elapsed time spent in this place.
 B = Non-inter-level travel time spent in this place.
 C = Inter-level travel time spent in this place.
 D = Time resting spent in this place.
 E = Time spent auto-exploring this place.
 F = Levels seen in this place.
 G = Mean time per level.
                   A        B        C        D        E       F      G
               +--------+--------+--------+--------+--------+-----+--------+
         Total |  10359 |  10110 |    249 |      0 |   8442 |  11 |  941.7 |
       Dungeon |  10127 |   9891 |    236 |      0 |   8266 |   9 | 1125.2 |
        Temple |    200 |    187 |     13 |      0 |    176 |   1 |  200.0 |
          Lair |     31 |     31 |      0 |      0 |      0 |   1 |   31.0 |
               +--------+--------+--------+--------+--------+-----+--------+

Top non-repeatable levels by time:
     D:6: 1601 daAuts
     D:1: 1442 daAuts
     D:9: 1130 daAuts
     D:8: 1041 daAuts
     D:2: 1041 daAuts
     D:4: 1033 daAuts
     D:7: 1000 daAuts
     D:3: 980 daAuts
     D:5: 855 daAuts
  Temple: 200 daAuts
  Lair:1: 31 daAuts
